 Dungeon Crawl Stone Soup version 0.32-a0-818-gb728d0252e (webtiles) character file.

Game seed: 10697980745373731946

218912 jestert79 the Metamorph (level 18, -16/244 HPs)
             Began as a Green Draconian Shapeshifter on Mar 23, 2024.
             Was a High Priest of Wu Jian.
             Shot with an arrow by a satyr (18 damage)
             ... on level 3 of the Shoals.
             The game lasted 02:20:19 (40170 turns).

jestert79 the Metamorph (DrSh)                     Turns: 40170, Time: 02:20:20

Health: -16/244    AC: 17    Str: 30    XL:     18   Next: 43%
Magic:  8/22       EV: 17    Int: 15    God:    Wu Jian [*****.]
Gold:   3081       SH:  5    Dex: 13    Spells: 19/23 levels left

rFire   + +          .
                       - Unarmed
rCold   + . .        (shield currently unavailable)
rNeg    + . .        (body armour unavailable)
rPois   +            (helmet currently unavailable)
rElec   .            t - melded +0 cloak
rCorr   .            P - melded +0 pair of gloves of the gadgeteer {Gadgeteer Wandboost ^Fragile}
SInv    .            b - melded +0 pair of boots
Will    +....        K - amulet "Vyto" {Reflect Fly rF+ rC+ Int+2 SH+5}
Stlth   +            n - +5 ring of evasion
HPRegen 0.60/turn    E - ring of willpower
MPRegen 0.18/turn

%: reflection
@: about to teleport, dragon-form, weak-willed, afraid, flying, mesmerised
A: dragon claw, dragon scales, flying, boosted hp, noxious breath, AC +10,
giant, unfitting armour, stinger 1, (poison resistance), (cold-blooded)
}: 1/15 runes: serpentine
a: Noxious Breath, Begin Untransformation, Renounce Religion, Wall Jump,
Serpent's Lash, Heavenly Storm


You were on level 3 of the Shoals.
You worshipped Wu Jian.
Wu Jian was extremely pleased with you.
You were a fearsome swamp dragon!
You visited 6 branches of the dungeon, and saw 30 of its levels.
You also visited: Trove.

You collected 3155 gold pieces.
You spent 74 gold pieces at shops.

Inventory:

Missiles
 H - a throwing net (quivered)
Armour
 b - a +0 pair of boots (melded)
 t - a +0 cloak (melded)
 P - the +0 pair of gloves of the gadgeteer (melded) {Gadgeteer Wandboost ^Fragile}
   (You found it on level 3 of the Lair of Beasts)

   Gadgeteer: Your evocable items recharge 30% faster and wands have a 30%
   chance to not spend a charge.
   Wandboost: Your wands are more powerful.
   ^Fragile:  It will be destroyed if unequipped.
Jewellery
 l - the ring of Idghi {rF+ MP+9 Dex+5}
   (You found it in a treasure trove)

   [ring of magical power]

   Dex+5:     It affects your dexterity (+5).
   rF+:       It protects you from fire.
   MP+9:      It affects your magic capacity (+9).
 n - a +5 ring of evasion (left foreclaw)
 D - the ring "Kollyjea" {Ice rN+ Str+4}
   (You found it in a treasure trove)

   [ring of ice]

   Ice:       It enhances your ice magic.
   Str+4:     It affects your strength (+4).
   rF-:       It makes you vulnerable to fire.
   rC+:       It protects you from cold.
   rN+:       It protects you from negative energy.
 E - a ring of willpower (right foreclaw)
 I - a +4 ring of slaying
 J - a ring of positive energy
 K - the amulet "Vyto" (around neck) {Reflect Fly rF+ rC+ Int+2 SH+5}
   (You found it in a treasure trove)

   [amulet of reflection]

   Reflect:   It reflects blocked missile attacks.
   Int+2:     It affects your intelligence (+2).
   rF+:       It protects you from fire.
   rC+:       It protects you from cold.
   Fly:       It grants you flight.
   SH+5:      It affects your SH (+5).
 L - a ring of see invisible
 R - a ring of wizardry
 T - the ring of Uskayaw's Condemnation {rF- rC++ Int+4 Dex+6}
   (You found it in a treasure trove)

   [ring of dexterity]

   Int+4:     It affects your intelligence (+4).
   Dex+6:     It affects your dexterity (+6).
   rF-:       It makes you vulnerable to fire.
   rC++:      It greatly protects you from cold.
 U - the amulet of Deenuh {rN++ Regen+}
   (You found it in a treasure trove)

   [amulet of regeneration]

   rN++:      It greatly protects you from negative energy.
   Regen+:    It increases your rate of health regeneration.
 W - the ring "Qammis" {rF+ Dex+2}
   (You found it in a treasure trove)

   [ring of protection from fire]

   Dex+2:     It affects your dexterity (+2).
   rF+:       It protects you from fire.
 X - a ring of protection from fire
Talismans
 Q - the dragon-blood talisman of Negation (active) {rF+ rN+}
   (You found it on level 4 of the Lair of Beasts)

   [dragon-blood talisman]

   rF+:       It protects you from fire.
   rN+:       It protects you from negative energy.
Wands
 d - a wand of roots (17)
 e - a wand of polymorph (5)
 g - a wand of digging (3)
 j - a wand of mindburst (16)
 o - a wand of paralysis (11)
 s - a wand of quicksilver (10)
Scrolls
 f - 2 scrolls of fog
 h - 3 scrolls of revelation
 i - 5 scrolls of vulnerability
 m - 3 scrolls of teleportation
 p - 3 scrolls of poison
 y - 4 scrolls of amnesia
 G - 3 scrolls of blinking
 N - 3 scrolls of torment
 O - 7 scrolls of identify
 S - 6 scrolls of immolation
 Y - 4 scrolls of fear
 Z - 2 scrolls of enchant armour
Potions
 a - 4 potions of lignification
 k - 9 potions of curing
 q - 3 potions of attraction
 r - 7 potions of haste
 u - 2 potions of cancellation
 v - a potion of invisibility
 w - a potion of enlightenment
 x - 8 potions of mutation
 z - 4 potions of heal wounds
 A - 2 potions of resistance
 B - 6 potions of ambrosia
 C - a potion of might
 F - a potion of magic
 M - 3 potions of brilliance
 V - a potion of berserk rage
Miscellaneous
 c - a sack of spiders


   Skills:
 + Level 15.0 Fighting
 - Level 3.0 Throwing
 + Level 13.2 Dodging
 + Level 16.7 Unarmed Combat
 - Level 3.0 Spellcasting
 - Level 10.1 Translocations
 - Level 8.0 Evocations
 + Level 17.7 Shapeshifting


You had 19 spell levels left.
You knew the following spells:

 Your Spells              Type           Power      Damage    Failure   Level
a - Manifold Assault      Tloc           32%        N/A       3%          4

Your spell library contained the following spells:

 Spells                   Type           Power      Damage    Failure   Level
 Apportation              Tloc           64%        N/A       1%          1
 Lesser Beckoning         Tloc           64%        N/A       1%          2
 Gell's Gravitas          Tloc           32%        N/A       1%          3
 Teleport Other           Tloc           32%        N/A       1%          3
 Passage of Golubria      Tloc           32%        N/A       3%          4
 Volatile Blastmotes      Fire/Tloc      34%        2d12      8%          3
 Kiss of Death            Conj/Necr      8%         2d6       21%         1
 Magic Dart               Conj           8%         1d3       21%         1
 Necrotise                Necr           8%         1d4       21%         1
 Sting                    Conj/Alch      8%         1d3       21%         1
 Summon Small Mammal      Summ           8%         N/A       21%         1
 Cigotuvi's Dreadful Rot  Necr/Alch/Air  4%         N/A       30%         2
 Mercury Vapours          Alch/Air       4%         N/A       30%         2
 Scorch                   Fire           4%         2d5       30%         2
 Searing Ray              Conj           4%         2d4       30%         2
 Dispersal                Tloc           16%        N/A       43%         6
 Confusing Touch          Hex            2%         N/A       52%         3
 Passwall                 Erth           2%         N/A       52%         3
 Tukima's Dance           Hex            2%         N/A       52%         3
 Vampiric Draining        Necr           2%         2d6       52%         3
 Animate Dead             Necr           2%         N/A       89%         4
 Dispel Undead            Necr           2%         3d7       89%         4
 Flame Wave               Conj/Fire      2%         2d4       89%         4
 Fulminant Prism          Conj/Alch      1%         3d5       89%         4
 Ignite Poison            Fire/Alch      2%         N/A       89%         4
 Martyr's Knell           Necr/Summ      2%         N/A       89%         4
 Olgreb's Toxic Radiance  Alch           2%         N/A       89%         4
 Borgnjor's Vile Clutch   Necr/Erth      1%         N/A       99%         5
 Curse of Agony           Necr           2%         N/A       99%         5
 Freezing Cloud           Conj/Ice/Air   1%         6-21      99%         5
 Yara's Violent Unravell  Hex/Alch       1%         3d3       99%         5
 Bombard                  Conj/Erth      1%         9d1       100%        6
 Death Channel            Necr           1%         N/A       100%        6
 Summon Cactus Giant      Summ           1%         N/A       100%        6
 Disjunction              Tloc           16%        N/A       100%        8


Dungeon Overview and Level Annotations

Branches:
Dungeon (15/15)            Temple (1/1) D:4            Lair (5/5) D:8
 Shoals (3/4) Lair:2        Snake (4/4) Lair:3        Slime (0/5) Lair:4
    Orc (2/2) D:9             Elf (0/3) Orc:2        Vaults (0/5) D:14
 Depths (0/4) D:15

Altars:
Ashenzari
Cheibriados
Dithmenos
Elyvilon
Fedhas
Gozag
Hepliaklqana
Kikubaaqudgha
Makhleb
Nemelex Xobeh
Okawaru
Qazlal
Ru
Sif Muna
Trog
Uskayaw
Vehumet
Wu Jian
Xom
Yredelemnul
Zin
The Shining One
Beogh
Jiyva

Shops:
D:6 ?*:   D:15 *   Orc:2 ([!   Shoals:2 !   Snake:2 *

Annotations:
D:5 1 runed translucent door, Crazy Yiuf
D:15 3 runed translucent doors, Domaren's ghost, journeyman MDFi
Shoals:1 2 transporters, bigduke15's ghost, adept DsGl
Snake:2 2 transporters


Innate Abilities, Weirdness & Mutations

You are a fearsome swamp dragon!
You have a powerful clawing attack.
Your giant scaled body is strong and resilient, but less evasive.
Your breath weapon is enhanced in this form.
You are flying.
Your maximum health is greatly increased.
Your armour is entirely melded.
You are incapable of wielding weapons or throwing items.
You can breathe blasts of noxious fumes.
Your lurid green scales are hard. (AC +10)
You cannot fit into any form of body armour.
Your tail ends in a venomous barb.
((Your system is resistant to poisons. (rPois)))
((You are cold-blooded and may be slowed by cold attacks.))


Message History

You miss the merfolk impaler.
Your tail-slap misses the merfolk impaler.
The merfolk impaler is heavily wounded.
You spin and attack the merfolk repeatedly.
You maul the merfolk!!!
The merfolk is severely wounded.
You maul the merfolk!!!
You kill the merfolk!
The Council accepts your kill.
The merfolk impaler closely misses you. x2
The merfolk impaler hits you but does no damage.
The merfolk misses you.
The merfolk hits you from afar with a +0 trident!
* * * LOW HITPOINT WARNING * * *
The faun casts a spell at you.
Your willpower is stripped away!
The merfolk impaler closely misses you.
The merfolk hits you but does no damage.
The merfolk siren chants its luring song.
Things that are here:
a +0 glaive; a throwing net; a merfolk corpse Unknown command.
Unknown command.
Unknown command.
Unknown command.
Unknown command.
Unknown command.
Unknown command.
Okay, then.
Unknown command.
Okay, then.
Unknown command.
As you read the scroll of teleportation, it crumbles to dust.
You feel strangely unstable. The merfolk impaler closely misses you.
The merfolk impaler misses you. The merfolk hits you with a +0 halberd.
* * * LOW HITPOINT WARNING * * *
You block the merfolk's attack.
The faun hits you from afar with a +0 spear!!
* * * LOW HITPOINT WARNING * * *
The satyr shoots an arrow.
The arrow hits you!!
You die...

#..~~~.........###...c
##.~~~.#...~~.........
#.~~.#....~~...#.....
#..###...^~~.#..m#..
#####.............. #
####.##......!.......
####..............c>.~~.
.##..........~..m.c..~~.
.....~~.....~~.mDc.....†
~.~≈....~~~~~~~...m...†.
≈~~~...~~~~~~~~~m.m..~..
≈≈≈~.~~≈~~~~~~~~~....(~.
≈≈≈~~~≈≈~~~~≈≈≈≈~~....~~
≈≈≈≈~≈≈≈≈~~≈≈≈≈≈≈≈≈~.~~≈
≈≈≈≈≈≈≈≈≈≈≈≈≈≈≈≈≈≈≈≈≈≈≈≈
≈≈≈≈≈≈≈≈≈≈≈≈≈≈≈≈≈≈≈≈≈≈≈≈
≈≈≈≈≈ ≈≈≈≈≈≈≈≈≈≈≈≈≈≈≈≈≈


You could see 2 merfolk impalers, a satyr (scary), 3 merfolk, 2 fauns and a
merfolk siren (mesmerising).

Vanquished Creatures
  Vashnia (Snake:2)
  Jorgrun (Snake:2)
  Rupert (Lair:4)
  Mlioglotl (Snake:4)
  Polyphemus (Shoals:2)
  Aizul (Snake:2)
  3 nagarajas (Snake:4)
  Ilsuiw (Shoals:2)
  Louise (Snake:3)
  A stone giant (D:15)
  An orc warlord (Orc:2)
  An ironbound thunderhulk (D:14)
  Nessos (D:12)
  An ettin (Orc:1)
  2 fire dragons
  3 merfolk impalers
  8 salamander tyrants
  A rakshasa (D:13)
  A vault guard (D:14)
  10 hydras
  4 centaur warriors
  A merfolk avatar (Shoals:1)
  2 catoblepae
  2 alligator snapping turtles
  A deep troll shaman (Lair:5)
  10 anacondas
  A merfolk aquamancer (Shoals:2)
  4 tengu warriors
  21 death yaks
  4 two-headed ogres
  5 boulder beetles
  2 satyrs
  The ghost of prad the Trooper, a novice CoGl of Okawaru (D:7)
  3 orc high priests (Orc:2)
  14 naga warriors
  13 naga sharpshooters
  7 shock serpents
  5 skysharks
  Nergalle (Lair:2)
  5 salamander mystics
  8 skeletal warriors
  8 mana vipers
  A deep troll (Orc:1)
  An obsidian statue (D:14)
  9 sea snakes
  9 naga ritualists
  Pikel (D:6)
  2 lindwurms
  5 harpies (Shoals:1)
  4 orc sorcerers (Orc:2)
  3 obsidian bats (Orc:2)
  An orc knight (Orc:2)
  20 ugly things
  14 fauns
  A deep elf pyromancer (D:14)
  9 manticores
  20 salamanders
  8 cyclopes
  6 kobold blastminers (Orc:2)
  22 naga magi
  22 elephants
  4 guardian serpents
  2 water nymphs
  4 merfolk sirens
  48 black mambas
  A gargoyle (D:12)
  4 torpor snails (Lair:2)
  Maggie (D:6)
  8 cane toads
  2 unseen horrors
  4 rime drakes
  7 komodo dragons
  A freezing wraith (D:14)
  An efreet (D:15)
  2 tengu conjurers
  6 trolls
  18 merfolk
  2 hornets
  4 polar bears
  5 wind drakes
  12 blink frogs
  A hornet (shapeshifter) (D:13)
  Prince Ribbit (D:9)
  2 snapping turtles (Shoals:2)
  8 dream sheep
  Sigmund (D:4)
  3 water elementals
  A slime creature (D:14)
  A culicivora (shapeshifter) (D:13)
  A shadow (Orc:1)
  9 wyverns
  5 wraiths
  A vampire (D:11)
  2 humans (D:14)
  43 yaks
  8 basilisks
  5 wargs (Orc:2)
  A steam dragon (D:9)
  9 vampire mosquitoes (D:12)
  Menkaure (D:4)
  Edmund (D:4)
  53 nagas
  18 water moccasins
  A hell hound (D:14)
  25 orc warriors
  2 ice beasts
  2 sky beasts
  2 black bears (Lair:5)
  A hornet zombie (D:7)
  5 ogres
  24 wolves
  5 centaurs
  3 phantoms (D:5)
  2 kobold brigands
  10 bullfrogs
  A gnoll sergeant (D:9)
  A scorpion (D:7)
  A wyvern zombie (D:7)
  15 wights
  9 killer bees
  6 howler monkeys
  A bombardier beetle (D:3)
  2 lava snakes (D:7)
  3 hounds
  15 orc priests
  7 hell rats
  3 sleepcaps
  4 iguanas
  18 orc wizards
  7 gnolls
  3 adders
  2 shadow imps
  2 white imps (D:7)
  A dart slug (D:1)
  2 ribbon worms (D:2)
  82 orcs
  2 ball pythons
  4 bats
  9 endoplasms
  2 giant cockroaches
  7 goblins
  4 hobgoblins
  2 jackals (D:2)
  6 quokkas
  4 frilled lizards
  9 kobolds
  A rat (D:3)
949 creatures vanquished.

Vanquished Creatures (others)
  A salamander (Snake:2)
  A bullfrog (D:9)
2 creatures vanquished.

Grand Total: 951 creatures vanquished

Notes
Turn   | Place    | Note
-------+----------+-------------------------------------------
     0 | D:1      | jestert79 the Draconian Shapeshifter began the quest for
                  | the Orb.
     0 | D:1      | Reached XP level 1. HP: 16/16 MP: 1/1
   280 | D:1      | Reached XP level 2. HP: 23/23 MP: 2/2
   923 | D:2      | Reached XP level 3. HP: 27/28 MP: 3/3
  1819 | D:2      | Reached XP level 4. HP: 21/35 MP: 2/4
  2340 | D:3      | Noticed an ogre
  2358 | D:3      | HP: 1/35 [ogre/+0 giant club (26)]
  2369 | D:3      | Killed an ogre
  2370 | D:3      | Reached skill level 5 in Unarmed Combat
  2370 | D:3      | Reached skill level 4 in Shapeshifting
  2370 | D:3      | Reached XP level 5. HP: 10/40 MP: 2/5
  2603 | D:3      | Reached XP level 6. HP: 47/47 MP: 6/6
  3185 | D:4      | Noticed Menkaure
  3189 | D:4      | Killed Menkaure
  3354 | D:4      | Noticed Edmund
  3386 | D:4      | Killed Edmund
  3387 | D:4      | Reached skill level 5 in Shapeshifting
  3387 | D:4      | Your scales start taking on a lurid green colour.
  3387 | D:4      | Reached XP level 7. HP: 38/52 MP: 5/7
  3387 | D:4      | Gained mutation: Your system is resistant to poisons.
                  | (rPois) [Green Draconian growth]
  3520 | D:4      | Noticed Sigmund
  3642 | D:4      | Found a staircase to the Ecumenical Temple.
  3758 | D:4      | Killed Sigmund
  3759 | D:4      | Reached skill level 1 in Throwing
  3891 | D:5      | Entered Level 5 of the Dungeon
  4184 | Temple   | Entered the Ecumenical Temple
  4197 | Temple   | Became a worshipper of the Wu Jian Council
  4292 | D:5      | Reached XP level 8. HP: 40/59 MP: 6/8
  4851 | D:5      | Reached skill level 6 in Shapeshifting
  4894 | D:5      | Found a runed translucent door.
  4895 | D:5      | Noticed Crazy Yiuf
  5179 | D:5      | Found a faded altar of an unknown god.
  5179 | D:5      | Found a hazy altar of Hepliaklqana.
  5187 | D:5      | Found a sacrificial altar of Ru.
  5189 | D:5      | Found a burning altar of Makhleb.
  5191 | D:5      | Found a snail-covered altar of Cheibriados.
  5676 | D:6      | Found Jaamnyra's Book Emporium.
  5763 | D:6      | Noticed Maggie
  5818 | D:6      | Killed Maggie
  5819 | D:6      | Reached skill level 7 in Shapeshifting
  5901 | D:6      | Reached * piety under Wu Jian
  5916 | D:6      | Noticed a cyclops
  5926 | D:6      | Killed a cyclops
  5927 | D:6      | Reached XP level 9. HP: 46/64 MP: 5/9
  5967 | D:6      | Found Mege's Magic Scroll Emporium.
  5970 | D:6      | Bought a scroll of identify for 26 gold pieces
  6006 | D:6      | Found Nouhor's General Store.
  6022 | D:6      | Noticed Pikel
  6039 | D:6      | Killed Pikel
  6040 | D:6      | Reached skill level 8 in Shapeshifting
  6703 | D:7      | Reached skill level 10 in Unarmed Combat
  6817 | D:7      | Found a hide-covered altar of Uskayaw.
  7780 | D:7      | Found a runed translucent gate.
  7780 | D:7      | Found a runed translucent gate.
  7780 | D:7      | Found a runed translucent gate.
  7780 | D:7      | Noticed prad's ghost (novice CoGl)
  7783 | D:7      | Found a basalt altar of Yredelemnul.
  7925 | D:8      | Reached XP level 10. HP: 77/77 MP: 10/10
  8068 | D:8      | Found a staircase to the Lair.
  8166 | D:8      | Reached ** piety under Wu Jian
  8438 | D:8      | Reached skill level 9 in Shapeshifting
  8695 | D:9      | Reached skill level 5 in Fighting
  9106 | D:9      | Reached skill level 5 in Dodging
  9350 | D:9      | Noticed Prince Ribbit
  9375 | D:9      | Killed Prince Ribbit
  9415 | D:9      | Found a staircase to the Orcish Mines.
  9839 | D:10     | Entered Level 10 of the Dungeon
  9891 | D:10     | Reached *** piety under Wu Jian
 10238 | D:10     | Reached XP level 11. HP: 78/89 MP: 9/11
 10288 | D:10     | Noticed a two-headed ogre
 10302 | D:10     | Killed a two-headed ogre
 10396 | D:10     | Found a glowing golden altar of the Shining One.
 10870 | Lair:1   | Entered Level 1 of the Lair of Beasts
 10951 | Lair:1   | Noticed a death yak
 10951 | Lair:1   | Noticed a death yak
 10952 | Lair:1   | Noticed a death yak
 10952 | Lair:1   | Noticed a death yak
 10952 | Lair:1   | Noticed a death yak
 10952 | Lair:1   | Noticed a death yak
 11025 | Lair:1   | Reached skill level 10 in Shapeshifting
 11545 | Lair:1   | You fall into a shaft and drop 1 floor!
 11559 | Lair:2   | Noticed Nergalle
 11754 | Lair:1   | Killed a death yak
 11754 | Lair:1   | Killed a death yak
 11761 | Lair:1   | Killed a death yak
 11771 | Lair:1   | Killed a death yak
 11782 | Lair:1   | Killed a death yak
 11782 | Lair:1   | Reached **** piety under Wu Jian
 11783 | Lair:1   | Reached XP level 12. HP: 78/102 MP: 12/12
 11796 | Lair:1   | Killed a death yak
 12313 | D:6      | Bought a scroll of identify for 24 gold pieces
 12313 | D:6      | Bought a scroll of identify for 24 gold pieces
 12474 | Lair:2   | Killed Nergalle
 12728 | Lair:2   | Reached skill level 1 in Evocations
 12963 | Lair:2   | Found a snail-covered altar of Cheibriados.
 13022 | Lair:2   | Reached skill level 11 in Shapeshifting
 13237 | Lair:2   | Found a staircase to the Shoals.
 13595 | Lair:3   | Found a staircase to the Snake Pit.
 14026 | Lair:3   | Found the +0 pair of gloves of the gadgeteer {Gadgeteer
                  | Wandboost ^Fragile}
 14507 | Lair:4   | Noticed a boulder beetle
 14518 | Lair:4   | Killed a boulder beetle
 14519 | Lair:4   | Reached XP level 13. HP: 113/113 MP: 13/13
 14576 | Lair:4   | Reached skill level 10 in Fighting
 14736 | Lair:4   | Found a staircase to the Slime Pits.
 14738 | Lair:4   | Found a viscous altar of Jiyva.
 14866 | Lair:4   | Reached ***** piety under Wu Jian
 14913 | Lair:4   | Identified the dragon-blood talisman of Negation {rF+ rN+}
 14934 | Lair:4   | Noticed Rupert
 14948 | Lair:4   | Killed Rupert
 15806 | Lair:4   | Reached skill level 12 in Shapeshifting
 15945 | Lair:5   | Entered Level 5 of the Lair of Beasts
 15952 | Lair:5   | Reached skill level 5 in Evocations
 17116 | Lair:5   | Gained mutation: Your tail ends in a venomous barb. [Green
                  | Draconian growth]
 17116 | Lair:5   | Reached XP level 14. HP: 124/124 MP: 14/14
 17867 | Lair:5   | Reached skill level 10 in Dodging
 18016 | Lair:5   | Identified the +2 ring mail "Bulev" {Str+6 SInv}
 18397 | D:7      | Killed prad's ghost
 18540 | Orc:1    | Entered Level 1 of the Orcish Mines
 18611 | Orc:1    | Reached ****** piety under Wu Jian
 18795 | Orc:1    | Found a roughly hewn altar of Beogh.
 18872 | Orc:2    | Entered Level 2 of the Orcish Mines
 18960 | Orc:2    | Found a roughly hewn altar of Beogh.
 19050 | Orc:2    | Found a roughly hewn altar of Beogh.
 19051 | Orc:2    | Found Weocli's Antique Weapon Boutique.
 19065 | Orc:2    | Paralysed by an orc sorcerer for 5 turns
 19259 | Orc:2    | Found a roughly hewn altar of Beogh.
 19272 | Orc:2    | Found Higaisy's Distillery.
 19344 | Orc:2    | Found a roughly hewn altar of Beogh.
 19584 | Orc:2    | Found a staircase to the Elven Halls.
 19814 | Orc:2    | Reached skill level 13 in Shapeshifting
 20189 | Orc:2    | Noticed an orc warlord
 20225 | Orc:2    | Killed an orc warlord
 20281 | Orc:2    | Found a roughly hewn altar of Beogh.
 20362 | Orc:2    | Found a roughly hewn altar of Beogh.
 20557 | Orc:2    | Found Ewkesh's Antique Armour Shop.
 20558 | Orc:2    | Found a roughly hewn altar of Beogh.
 20561 | Orc:2    | Found Vuytz's Antique Weapon Boutique.
 20577 | Orc:2    | Learned a level 4 spell: Manifold Assault
 21529 | D:12     | Reached XP level 15. HP: 134/134 MP: 15/15
 21852 | D:12     | Noticed Nessos
 21880 | D:12     | Killed Nessos
 22404 | D:12     | Reached skill level 14 in Shapeshifting
 23209 | D:13     | Identified the +2 pair of gloves of Negligence {rF- Str+5
                  | Dex+3}
 24342 | D:14     | Reached skill level 15 in Shapeshifting
 24426 | D:14     | Found a broken altar of Ashenzari.
 25047 | D:14     | Found a gate to the Vaults.
 26052 | D:14     | Reached skill level 16 in Shapeshifting
 26687 | D:15     | Entered Level 15 of the Dungeon
 26687 | D:15     | Found a portal to a secret trove of treasure.
 26852 | D:15     | Reached skill level 15 in Unarmed Combat
 26916 | D:15     | Found Lits's Demolitions Depot.
 27387 | D:15     | Reached XP level 16. HP: 141/141 MP: 16/16
 27390 | D:15     | Identified the +3 glaive "Ukady" {drain, rN++}
 27511 | D:15     | Noticed Domaren's ghost (journeyman MDFi)
 27522 | D:15     | Found a runed translucent gate.
 27522 | D:15     | Found a runed translucent gate.
 27522 | D:15     | Found a runed translucent gate.
 27750 | D:15     | Found a staircase to the Depths.
 28051 | Trove    | Entered a treasure trove
 28062 | Trove    | Identified the amulet of Kimy {Reflect rElec Will- Int+3
                  | Dex+2 SH+5}
 28064 | Trove    | Identified the ring "Xarph" {rPois AC+4 Int+3}
 28068 | Trove    | Identified the amulet "Jujukh" {Reflect Harm *Slow Dex+3
                  | SH+5}
 28070 | Trove    | Identified the ring "Kollyjea" {Ice rN+ Str+4}
 28078 | Trove    | Identified the amulet "Vyto" {Reflect Fly rF+ rC+ Int+2
                  | SH+5}
 28080 | Trove    | Identified the ring of Uskayaw's Condemnation {rF- rC++
                  | Int+4 Dex+6}
 28082 | Trove    | Identified the amulet of Deenuh {rN++ Regen+}
 28084 | Trove    | Identified the ring "Qammis" {rF+ Dex+2}
 28087 | Trove    | Identified the ring of Idghi {rF+ MP+9 Dex+5}
 28355 | Snake:1  | Entered Level 1 of the Snake Pit
 28532 | Snake:1  | Found the +4 consecrated labrys {holy, Valiant ^Fragile Fly
                  | SInv}
 28587 | Snake:1  | Reached skill level 1 in Translocations
 28597 | Snake:1  | Reached skill level 1 in Spellcasting
 29937 | Snake:2  | Identified the serpent talisman of the Gastropod {rF+ rN+
                  | Slay-4}
 29937 | Snake:2  | Noticed Aizul
 29951 | Snake:2  | Killed Aizul
 30618 | Snake:2  | Reached skill level 5 in Translocations
 30663 | Snake:2  | Found a transporter.
 30675 | Snake:2  | Found Rinifeci's General Store.
 30773 | Snake:2  | Found a transporter.
 31387 | Snake:2  | Noticed Vashnia
 31387 | Snake:2  | Noticed Jorgrun
 31544 | Snake:2  | Killed Jorgrun
 31578 | Snake:2  | Killed Vashnia
 31897 | Snake:2  | Found an ornate altar of the Wu Jian Council.
 32653 | Snake:3  | Identified the +2 tower shield "Riuru" {^Contam +Inv rElec
                  | Stlth+}
 32653 | Snake:3  | Noticed Louise
 32675 | Snake:3  | Reached XP level 17. HP: 93/149 MP: 0/21
 32683 | Snake:3  | Killed Louise
 33135 | Snake:3  | Reached skill level 10 in Translocations
 33209 | Snake:3  | Found a glowing golden altar of the Shining One.
 34099 | Snake:4  | Entered Level 4 of the Snake Pit
 35673 | Snake:4  | Identified the +1 great sword of Lurej {antimagic, rElec
                  | rF+}
 35737 | Snake:4  | Noticed Mlioglotl
 35750 | Snake:4  | Killed Mlioglotl
 35751 | Snake:4  | Reached skill level 17 in Shapeshifting
 37387 | Snake:4  | Got a serpentine rune of Zot
 37528 | Shoals:1 | Entered Level 1 of the Shoals
 37795 | Shoals:1 | Reached XP level 18. HP: 161/161 MP: 18/22
 37800 | Shoals:1 | Found a transporter.
 37820 | Shoals:1 | Found a transporter.
 37821 | Shoals:1 | Noticed bigduke15's ghost (adept DsGl)
 38387 | Shoals:2 | Found Vooliot's Distillery.
 38657 | Shoals:2 | Noticed Ilsuiw
 38673 | Shoals:2 | Killed Ilsuiw
 39198 | Shoals:2 | Noticed Polyphemus
 39205 | Shoals:2 | Killed Polyphemus
 39726 | Shoals:3 | Reached skill level 15 in Fighting
 40170 | Shoals:3 | HP: 2/244 [faun/+0 spear[a satyr] (20)]
 40170 | Shoals:3 | Shot with an arrow by a satyr

Illustrated notes

Levels and vault maps discovered:
D:1:      minmay_arrival_arboretum_small, layout_basic, minivault_24
D:2:      layout_basic, minmay_misc_feat_x
D:3:      layout_basic, amethyst_killhole, kennysheep_generic_room_8
D:4:      layout_rooms, minmay_temple_entry_poolview,
          hangedman_decor_peaks_small, uniq_menkaure, uniq_sigmund, uniq_edmund
D:5:      layout_loops_corners, chequers_temple_overflow_minitemple,
          uniq_crazy_yiuf_cottage
D:6:      layout_basic, serial_shops, shop, nicolae_shop_rolled_up, shop,
          uniq_maggie, uniq_pikel
D:7:      layout_basic, nicolae_yredelemnul_ghost_church,
          nicolae_uskayaw_murder_on_the_dancefloor, kennysheep_big_empty_room
D:8:      layout_basic, david_lair_shrubbed
D:9:      layout_gridville, orc_0_dummy, uniq_prince_ribbit1
D:10:     layout_irregular_city, lemuel_round_altar
D:11:     layout_roguey
D:12:     dragon1_lemuel, layout_basic, nrook_guardian_serpent_ordinary,
          uniq_nessos
D:13:     layout_basic
D:14:     layout_long_grid, hellmonk_vaults_keyhole,
          nicolae_ashenzari_panopticon, special_room
          [special_room_mythical_zoo], minivault_16
D:15:     grunt_enter_depths_snipers, layout_basic, enter_trove_1,
          maelrawn_ghost_gauntlet_escape, roderic_lattice_a,
          nicolae_blasting_shop
Temple:   regret_index_temple_waves
Lair:1:   layout_chaotic_city, serial_bayou_shore_a
Lair:2:   layout_gridlike, shoals_dummy_entry, kennysheep_snail_temple,
          lemuel_fruit_fields, lemuel_fruit_tree, grunt_megastairs_3,
          uniq_nergalle
Lair:3:   layout_loops_ring, dummy_snake_entry
Lair:4:   layout_cellular_growth, slime_entry_1, uniq_rupert
Lair:5:   grunt_lair_end_beastmaster, layout_cave_pods
Shoals:1: layout_shoals, ebering_ghost_davey_jones
Shoals:2: layout_shoals, serial_shops, nicolae_stop_n_shop_1, uniq_ilsuiw,
          uniq_polyphemus
Shoals:3: layout_shoals, nicolae_shoals_hunting_party
Snake:1:  layout_misc_corridors
Snake:2:  gammafunk_the_bubble [the_bubble_gammafunk_grid],
          layout_misc_corridors, basic_altar, nicolae_take_the_stairs,
          grunt_megastairs_1, uniq_vashnia, uniq_aizul, uniq_jorgrun
Snake:3:  layout_onion, basic_altar, nicolae_triple_integral, uniq_louise
Snake:4:  minmay_snake_end_coiled, layout_gridlike, serial_bayou_lagoon_a,
          chequers_hall_statues_corner_a, uniq_mlioglotl
Orc:1:    minmay_goldmine, layout_caves, basic_altar, uniq_fannar
Orc:2:    grunt_orc_community_town_hall, layout_diamond_mine,
          grunt_orc_community_big_house_1, grunt_orc_community_big_house_1,
          grunt_orc_community_house_2, grunt_orc_community_house_1,
          grunt_orc_community_house_1, grunt_orc_community_house_2,
          grunt_orc_community_house_3, grunt_orc_community_house_3,
          minmay_orc_temple_b

Skill      XL: |  1  2  3  4  5  6  7  8  9 10 11 12 13 14 15 16 17 18 |
---------------+-------------------------------------------------------+-----
Unarmed Combat | 4 5 7 9 10 11 12 13 14 15 16 | 16.7
Shapeshifting  | 4 5 7 8 9 10 11 12 13 16 17 | 17.7
Throwing       | 2 3 |  3.0
Dodging        | 3 5 7 8 9 10 11 12 13 | 13.2
Fighting       | 3 6 8 9 11 12 13 14 15 | 15.0
Evocations     | 3 6 8 |  8.0
Translocations | 9 10 | 10.1
Spellcasting   | 3 |  3.0

Action                     |  1- 3 |  4- 6 |  7- 9 | 10-12 | 13-15 | 16-18 || total
---------------------------+-------+-------+-------+-------+-------+-------++-------
  Melee: Unarmed           |    94 |   106 |   299 |   642 |  1374 |   892 ||  3407
         Tailslap          |     9 |    13 |    44 |   143 |   339 |   119 ||   667
         Punch             |     3 |     6 |     8 |       |     4 |    62 ||    83
         Bite              |       |       |       |       |    10 |    96 ||   106
  Throw: Dart              |       |     2 |     5 |       |       |       ||     7
   Cast: Manifold Assault  |       |       |       |       |       |    67 ||    67
Ability: Lunge             |       |       |    12 |    26 |   104 |   115 ||   257
         Noxious Breath    |       |       |     4 |    10 |    11 |     5 ||    30
         Whirlwind         |       |       |     1 |     9 |    48 |    42 ||   100
  Evoke: Wand              |       |       |       |    10 |    14 |     4 ||    28
         Sack of spiders   |       |       |       |       |       |     1 ||     1
    Use: Potion            |       |     4 |       |       |     1 |     3 ||     8
         Scroll            |       |     3 |    12 |    10 |     6 |     5 ||    36
   Stab: Sleeping          |     1 |       |       |       |       |     2 ||     3
         Confused          |       |       |     7 |    10 |    20 |     1 ||    38
         Paralysed         |       |       |       |     7 |     3 |     2 ||    12
         Distracted        |       |       |       |       |     2 |     1 ||     3
 Armour: Skin              |    42 |    28 |    91 |   203 |   495 |   537 ||  1396
  Dodge: Dodged            |    42 |    59 |   157 |   480 |  1082 |   384 ||  2204
  Block: Other             |       |       |       |       |       |   121 ||   121
         Reflection        |       |       |       |       |       |    18 ||    18
   Form: Flux              |       |       |     1 |       |       |       ||     1
         Dragon            |       |       |       |       |     1 |       ||     1

Table legend: (Time is in decaauts)
 A = Elapsed time spent in this place.
 B = Non-inter-level travel time spent in this place.
 C = Inter-level travel time spent in this place.
 D = Time resting spent in this place.
 E = Time spent auto-exploring this place.
 F = Levels seen in this place.
 G = Mean time per level.
                   A        B        C        D        E       F      G
               +--------+--------+--------+--------+--------+-----+--------+
         Total |  39560 |  36765 |   2795 |   9706 |  15451 |  31 | 1276.1 |
       Dungeon |  18911 |  17315 |   1596 |   3233 |   9574 |  15 | 1260.7 |
        Temple |     26 |      2 |     24 |      0 |      0 |   1 |   26.0 |
          Lair |   7494 |   6844 |    650 |   1746 |   1756 |   5 | 1498.8 |
        Shoals |   2483 |   2396 |     87 |    364 |   1425 |   3 |  827.7 |
     Snake Pit |   8542 |   8232 |    310 |   4096 |   2030 |   4 | 2135.5 |
  Orcish Mines |   2048 |   1922 |    126 |    265 |    665 |   2 | 1024.0 |
         Trove |     53 |     53 |      0 |      0 |      0 |   1 |   53.0 |
               +--------+--------+--------+--------+--------+-----+--------+

Top non-repeatable levels by time:
 Snake:3: 2465 daAuts
 Snake:4: 2464 daAuts
    D:14: 2424 daAuts
 Snake:2: 2185 daAuts
  Lair:5: 1901 daAuts
   Orc:2: 1711 daAuts
    D:13: 1686 daAuts
  Lair:4: 1652 daAuts
     D:2: 1581 daAuts
  Lair:1: 1444 daAuts
 Snake:1: 1426 daAuts
    D:15: 1392 daAuts
     D:9: 1358 daAuts
     D:6: 1335 daAuts
    D:12: 1325 daAuts
